 Dungeon Crawl Stone Soup version 0.19-a0-1773-gaa448fe (webtiles) character file.

4509 zxpr0jk the Frost Mage (level 10, 0/69 HPs)
             Began as a Black Draconian Ice Elementalist on Oct 13, 2016.
             Was an Initiate of Wudzu.
             Shot with an arrow by a centaur (1 damage)
             ... on level 8 of the Dungeon.
             The game lasted 00:32:51 (8518 turns).

zxpr0jk the Frost Mage (DrIE)                       Turns: 8518, Time: 00:32:53

Health: 0/69       AC: 19    Str: 14    XL:     10   Next: 16%
Magic:  18/20      EV: 12    Int: 20    God:    Wudzu [......]
Gold:   125        SH:  0    Dex:  8    Spells: 4 memorised, 11 levels left

rFire  . . .     SeeInvis .     u - +1 arbalest "Ogreslayer" {velocity, +Blink Int+5 Dex-4} (curse)
rCold  . . .     Gourm    .     (armour unavailable)
rNeg   . . .     Faith    .     (shield currently unavailable)
rPois  .         Spirit   .     (helmet restricted)
rElec  +         Dismiss  +     c - +0 cloak
rCorr  .         Reflect  .     y - +0 pair of gloves
MR     .....     Harm     .     (no boots)
Stlth  +......... Rnd*Tele +    g - amulet of dismissal
                                (no ring)
                                F - ring of teleportation

@: icy armour, slow
A: breathe lightning, unfitting armour, electricity resistance, cold-blooded, AC
+7
a: Breathe Lightning, Renounce Religion, Evoke Blink


You were on level 8 of the Dungeon.
You worshipped Wudzu.
Wudzu was noncommittal.
You were near starving.

You visited 2 branches of the dungeon, and saw 9 of its levels.
You also visited: Sewer.

You collected 372 gold pieces.
You spent 247 gold pieces at shops.

Inventory:

Hand Weapons
 u - the cursed +1 arbalest "Ogreslayer" (weapon) {velocity, +Blink Int+5 Dex-4}
   (You bought it in a shop on level 4 of the Dungeon)

   Any bolt fired from it inflicts extra damage.
   It affects your intelligence (+5).
   It affects your dexterity (-4).
   It lets you blink.
   It has a curse placed upon it.
 H - the +1 mace of the Doomed Warrior {crush, +Fly rN+ Dex+4}
   (You found it on level 6 of the Dungeon)

   It inflicts extra damage upon your enemies.
   It affects your dexterity (+4).
   It protects you from negative energy.
   It lets you fly.
Missiles
 n - 76 bolts (quivered)
Armour
 c - a +0 cloak (worn)
 y - a +0 pair of gloves (worn)
Jewellery
 g - an amulet of dismissal (around neck)
 F - a ring of teleportation (left hand)
Wands
 m - a wand of disintegration (12/24)
Scrolls
 e - a scroll of noise {unknown}
 f - 2 scrolls of amnesia {unknown}
 h - 8 scrolls of identify
 i - a scroll of silence {unknown}
 o - 2 scrolls of enchant armour
 q - 3 scrolls of recharging
 s - a scroll of blinking
 w - 3 scrolls of remove curse
 z - 2 scrolls of fog {unknown}
 A - 3 scrolls of fear {unknown}
 B - a scroll of magic mapping {unknown}
Potions
 d - a potion of berserk rage {unknown}
 j - a potion of curing
 p - a potion of cancellation {unknown}
 t - 2 potions of degeneration {unknown}
 v - 2 potions of flight {unknown}
 x - 2 potions of invisibility
 C - a potion of magic {unknown}
 G - a potion of lignification
Books
 a - a book of Frost

   Spells                             Type                      Level
   a - Freeze                         Ice                          1
   b - Throw Frost                    Conjuration/Ice              2
   c - Ozocubu's Armour               Charms/Ice                   3
   d - Throw Icicle                   Conjuration/Ice              4
   e - Summon Ice Beast               Ice/Summoning                4
 l - a book of Conjurations

   Spells                             Type                      Level
   a - Magic Dart                     Conjuration                  1
   b - Searing Ray                    Conjuration                  2
   c - Dazzling Spray                 Conjuration/Hexes            3
   d - Fulminant Prism                Conjuration/Hexes            4
   e - Iskenderun's Mystic Blast      Conjuration                  4
   f - Iskenderun's Battlesphere      Conjuration/Charms           5
Comestibles
 b - 8 bread rations
 k - 5 fruits
 D - a royal jelly


   Skills:
 + Level 6.7 Crossbows
 - Level 1.7 Dodging
 - Level 1.7 Stealth
   Level 3.3 Shields
 - Level 6.7 Spellcasting
 - Level 1.0 Conjurations
 - Level 10.5 Ice Magic


You had 11 spell levels left.
You knew the following spells:

 Your Spells              Type           Power        Failure   Level  Hunger
a - Freeze                Ice            ####         1%          1    None
b - Ozocubu's Armour      Chrm/Ice       ####....     4%          3    #......
c - Summon Ice Beast      Ice/Summ       ####....     14%         4    ###....
d - Dazzling Spray        Conj/Hex       #.....       24%         3    #......


Dungeon Overview and Level Annotations

Branches:
Dungeon (8/15)             Temple (1/1) D:7
   Lair: D:8-11

Altars:
Ashenzari
Fedhas
Kikubaaqudgha
Makhleb
Okawaru
Ru
Sif Muna
Trog
Uskayaw Wudzu
Xom
Zin

Shops:
D:4 *[=[(


Innate Abilities, Weirdness & Mutations

You can breathe wild blasts of lightning.
Your glossy black scales are hard. (AC +7)
You cannot fit into any form of body armour.
You are resistant to electric shocks. (rElec)
You are cold-blooded and may be slowed by cold attacks.


Message History

Press: ? - help, Shift-Dir - straight line, f - orc priest
Aim: an orc priest, wielding a trident (hasn't noticed you)
You shoot a bolt. The orc priest shouts!
The bolt hits the orc priest!
You kill the orc priest!
Wudzu accepts your kill.
You start resting.
A centaur comes into view.
Firing (i - inventory):
n - 77 bolts (quivered)
Press: ? - help, Shift-Dir - straight line, f - centaur
Aim: a centaur (hasn't noticed you)
You shoot a bolt. The centaur shouts!
The bolt hits the centaur!
The centaur is severely wounded.
The centaur wields a shortbow.
The centaur shoots an arrow.
The arrow hits you!
* * * LOW HITPOINT WARNING * * *
The centaur shoots an arrow.
The arrow hits you.
You die...

####.##.#.######
#. #. #.#+#####
#. #. #........
#.#. #.
#........ #...
#. #........
##.. #........
#.. #........
#.. #.##........
#.. #(.(@(......
##.
(...####)......
#. c. (.##### #.
###


You could see a centaur.

Vanquished Creatures
  Pikel (D:6)
  A komodo dragon (D:7)
  Grinder (D:5)
  Prince Ribbit (D:5)
  Eustachio (D:6)
  Edmund (D:6)
  A sky beast (D:6)
  3 necrophages
  2 orc warriors
  A phantom (D:6)
  3 ogres
  A centaur (D:7)
  A bullfrog (D:7)
  4 scorpions
  3 killer bees (D:7)
  4 crimson imps
  A bullfrog skeleton (D:7)
  5 orc priests
  10 hounds
  9 orc wizards
  Crazy Yiuf (D:6)
  An iguana (D:7)
  12 worker ants
  A worker ant zombie (D:5)
  Robin (D:4)
  A howler monkey skeleton (D:7)
  8 adders
  A river rat (D:5)
  2 shadow imps
  An ooze (D:1)
  2 adder skeletons
  An adder zombie (D:7)
  4 worms
  A dart slug (D:2)
  2 leopard geckos
  42 orcs
  3 ball pythons
  10 bats
  8 giant cockroaches
  14 goblins
  11 hobgoblins
  4 jackals (D:6)
  2 kobolds
  2 quokkas
  10 frilled lizards
  A quokka skeleton (D:4)
  10 rats
210 creatures vanquished.

Vanquished Creatures (collateral kills)
  Purgy (Sewer)
  An orc warrior (D:6)
  An ogre (D:6)
  8 killer bees (D:7)
  2 orc priests (D:6)
  A worker ant (D:7)
  An adder (Sewer)
  2 orcs
  A ball python (D:5)
18 creatures vanquished.

Vanquished Creatures (others)
  A slave (D:6)
  2 necrophages (D:6)
  A worker ant zombie (D:6)
  A howler monkey zombie (D:6)
  An orc (D:6)
  7 bushes (D:6)
  13 plants (D:6)
26 creatures vanquished.

Grand Total: 254 creatures vanquished

Notes
Turn   | Place    | Note
-------+----------+-------------------------------------------
     0 | D:1      | zxpr0jk the Draconian Ice Elementalist began the quest for the Orb.
     0 | D:1      | Reached XP level 1. HP: 14/14 MP: 3/3
   258 | D:1      | Reached XP level 2. HP: 20/20 MP: 3/5
   943 | D:2      | Reached XP level 3. HP: 25/26 MP: 6/6
   957 | D:2      | Reached skill level 4 in Ice Magic
  1097 | D:2      | Found a glowing silver altar of Zin.
  1302 | D:2      | Learned a level 3 spell: Ozocubu's Armour
  1607 | D:3      | Reached XP level 4. HP: 24/33 MP: 8/8
  1822 | D:2      | Learned a level 4 spell: Summon Ice Beast
  2180 | D:3      | Reached skill level 5 in Ice Magic
  2289 | D:3      | Reached XP level 5. HP: 28/38 MP: 5/9
  2526 | D:4      | Found Laffulac's General Store.
  2526 | D:4      | Found Difibak's Antique Armour Shop.
  2564 | D:4      | Found Aquoshroff's Jewellery Emporium.
  2575 | D:4      | Noticed Robin
  2587 | D:4      | Killed Robin
  2875 | D:4      | Reached XP level 6. HP: 40/45 MP: 5/11
  2941 | D:4      | Reached skill level 6 in Ice Magic
  3007 | D:4      | Found Yroz's Antique Weapon Shoppe.
  3276 | D:4      | Found Bevol's Armour Shop.
  3359 | D:4      | Found a burning altar of Makhleb.
  3428 | D:5      | Entered Level 5 of the Dungeon
  3448 | D:5      | Your scales start taking on a glossy black colour.
  3448 | D:5      | Reached XP level 7. HP: 44/50 MP: 13/13
  3448 | D:5      | Gained mutation: You are resistant to electric shocks. (rElec) [Black Draconian growth]
  3484 | D:5      | Reached skill level 7 in Ice Magic
  3604 | D:5      | Noticed Grinder
  3604 | D:5      | Paralysed by Grinder for 4 turns
  3623 | D:5      | Paralysed by Grinder for 6 turns
  3639 | D:5      | Killed Grinder
  3639 | D:5      | Reached skill level 5 in Spellcasting
  3639 | D:5      | Reached skill level 8 in Ice Magic
  3839 | D:5      | Reached XP level 8. HP: 57/57 MP: 12/15
  3851 | D:5      | Noticed Prince Ribbit
  3868 | D:5      | Killed Prince Ribbit
  4016 | D:5      | Found a glowing drain.
  4027 | Sewer    | Entered a sewer
  4052 | Sewer    | Noticed Purgy
  4059 | Sewer    | Killed Purgy
  4133 | Sewer    | Reached skill level 9 in Ice Magic
  4694 | D:6      | Noticed Eustachio
  4698 | D:6      | Found a shattered altar of Ashenzari.
  4722 | D:6      | Noticed Edmund
  5236 | D:6      | Killed Edmund
  5236 | D:6      | Reached skill level 1 in Shields
  5317 | D:6      | Killed Eustachio
  5573 | D:6      | Got a crude mace
  5574 | D:6      | Identified the cursed +1 mace of the Doomed Warrior {crush, +Fly rN+ Dex+4} (You found it on level 6 of the Dungeon)
  5594 | D:6      | Found a blossoming altar of Fedhas.
  5598 | D:6      | Noticed Pikel
  5609 | D:6      | Reached skill level 10 in Ice Magic
  5609 | D:6      | Reached XP level 9. HP: 62/62 MP: 16/18
  5619 | D:6      | Killed Pikel
  5781 | D:6      | Found a deep blue altar of Sif Muna.
  5864 | D:6      | Found a sacrificial altar of Ru.
  6196 | D:4      | Bought a transparent arbalest for 247 gold pieces
  6206 | D:4      | Identified the cursed +1 arbalest "Ogreslayer" {velocity, +Blink Int+5 Dex-4} (You bought it in a shop on level 4 of the Dungeon)
  6425 | D:6      | Found a runed door.
  6451 | D:6      | Found an ancient bone altar of Kikubaaqudgha.
  6515 | D:6      | Reached skill level 1 in Crossbows
  6602 | D:6      | Noticed Crazy Yiuf
  6607 | D:6      | Killed Crazy Yiuf
  6736 | D:7      | Found a staircase to the Ecumenical Temple.
  6768 | D:7      | Found a hide-covered altar of Uskayaw.
  6829 | D:7      | Noticed a komodo dragon
  6836 | D:7      | Killed a komodo dragon
  6923 | D:7      | Found a runed door.
  6942 | D:7      | Found a runed door.
  7065 | D:7      | Reached skill level 5 in Crossbows
  7532 | D:7      | Found a bloodstained altar of Trog.
  7532 | D:7      | Found an iron altar of Okawaru.
  7728 | D:7      | Reached XP level 10. HP: 68/69 MP: 9/20
  7944 | Temple   | Entered the Ecumenical Temple
  7973 | Temple   | Became a worshipper of Wudzu the Untamed
  8367 | D:8      | Learned a level 3 spell: Dazzling Spray
  8488 | D:8      | HP: 3/69 [orc warrior/short sword (13)]
  8518 | D:8      | HP: 1/69 [centaur/arrow (14)]
  8518 | D:8      | Shot with an arrow by a centaur

Vault maps used:
D:1:      moated_graveyard_arrival
D:2:      nicolae_overflow_crystal_walls
D:3:      first_bread
D:4:      lemuel_coloured_pillars_altar, serial_shops,
          nicolae_shop_window_shopping, shop, kennysheep_mini, shop, shop,
          uniq_robin
D:5:      nicolae_ossuary_entry_plus, portal_sewer_entry_a, uniq_grinder,
          uniq_prince_ribbit1
D:6:      nicolae_ru_the_path_less_chosen, fedhas_altar_decomposition,
          minitemple, led_sif_pool, uniq_pikel, uniq_eustachio,
          uniq_crazy_yiuf_cottage, uniq_edmund
D:7:      lemuel_insect_pit, grunt_temple_overflow_bloody_war,
          lemuel_doored_altar, kennysheep_generic_room_15
Temple:   minmay_temple_forest_path
Sewer:    sewer_co_purgy_island

Skill      XL: |  1  2  3  4  5  6  7  8  9 10 |
---------------+-------------------------------+-----
Ice Magic      | 4 5 6 8 10 | 10.5
Spellcasting   | 3 4 5 6 |  6.7
Shields        | 2 3 |  3.3
Crossbows      | 5 6 |  6.7
Dodging        | |  1.7
Stealth        | |  1.7
Conjurations   | |  1.0

Action                   |  1- 3 |  4- 6 |  7- 9 | 10-12 || total
-------------------------+-------+-------+-------+-------++-------
Melee: Falchion          |       |    14 |   178 |       ||   192
       Tailslap          |       |       |    31 |       ||    31
       Mace              |       |       |    58 |       ||    58
 Fire: Hunting sling     |   125 |   184 |    47 |       ||   356
       Arbalest          |       |       |    88 |    82 ||   170
Throw: Throwing net      |       |     1 |     1 |       ||     2
       Stone             |       |       |     3 |       ||     3
 Cast: Freeze            |    30 |    79 |    66 |    14 ||   189
       Ozocubu's Armour  |       |     4 |    26 |     4 ||    34
       Summon Ice Beast  |       |       |    17 |     1 ||    18
       Dazzling Spray    |       |       |       |     1 ||     1
 Abil: Breathe Lightning |       |       |     5 |     1 ||     6
  Use: Potion            |       |     2 |     2 |     4 ||     8
       Scroll            |       |       |     8 |       ||     8
 Stab: Distracted        |       |       |     1 |       ||     1
  Eat: Fruit             |     1 |       |       |       ||     1
       Chunk             |       |     7 |    15 |     2 ||    24
       Meat ration       |       |       |     1 |       ||     1
Armor: Skin              |    24 |    53 |   175 |    56 ||   308
Dodge: Dodged            |    38 |   109 |   224 |    60 ||   431
Block: Buckler           |       |       |    18 |       ||    18
